 Dungeon Crawl Stone Soup version 0.31.0-32-g396128a36d (webtiles) character file.

Game seed: 2819775458553076220

25 firemarshallily the Cudgeller (level 2, 0/23 HPs)
             Began as a Demonspawn Gladiator on Apr 25, 2024.
             Slain by a rat (2 damage)
             ... on level 1 of the Dungeon.
             The game lasted 00:03:03 (661 turns).

firemarshallily the Cudgeller (Demonspawn Gladiator) Turns: 661, Time: 00:03:04

Health: 0/23       AC:  4    Str: 14    XL:     2   Next: 82%
Magic:  2/2        EV: 12    Int:  8    God:
Gold:   41         SH:  0    Dex: 14    Spells: 1/1 levels left

rFire   + . .        a - +0 flail
rCold   + . .        (no shield)
rNeg    . . .        b - +0 leather armour
rPois   +            c - +0 helmet
rElec   +            (no cloak)
rCorr   +            (no gloves)
SInv    .            (no boots)
Will    .....        (no amulet)
Stlth   +            (no ring)
HPRegen 0.23/turn    (no ring)
MPRegen 0.08/turn

%: no passive effects
@: resistant, attractive
A: powered by death 1
a: no special abilities


You were on level 1 of the Dungeon.
You visited 1 branch of the dungeon, and saw 2 of its levels.

You collected 41 gold pieces.

Inventory:

Hand Weapons
 a - a +0 flail (weapon)
Missiles
 d - 3 throwing nets (quivered)
 e - a javelin
Armour
 b - a +0 leather armour (worn)
 c - a +0 helmet (worn)
Scrolls
 f - a scroll of teleportation {unknown}
 g - a scroll of revelation {unknown}
 j - a scroll of fog {unknown}
Potions
 k - a potion of degeneration {unknown}


   Skills:
 * Level 2.6 Fighting
 * Level 3.1 Maces & Flails
 - Level 1.7 Throwing
 + Level 0.8 Armour
 - Level 2.6 Dodging


You had one spell level left.
You didn't know any spells.
Your spell library was empty.

Dungeon Overview and Level Annotations

Branches:
Dungeon (2/15)

Altars:


Innate Abilities, Weirdness & Mutations

You regenerate a little health from kills.


Message History

As you open the door, it creaks loudly!
You hear a loud squeak.
You hear a shout!
An endoplasm comes into view.
You see here 19 gold pieces.
You now have 41 gold pieces (gained 19).
A goblin comes into view. It is wielding a +0 club.
The endoplasm quivers.
The endoplasm freezes you.
You are frozen.
The goblin hits you with a +0 club.
You barely miss the endoplasm.
A goblin comes into view. It is wielding a +0 club.
A rat comes into view.
The endoplasm hits you. The goblin closely misses you.
The rat squeaks loudly.
The goblin shouts!
You thump the endoplasm!
You kill the endoplasm!
The goblin hits you with a +0 club. The goblin closely misses you.
You closely miss the rat. The rat bites you but does no damage.
The goblin hits you but does no damage.
You barely miss the goblin. The rat bites you.
The goblin hits you but does no damage.
You barely miss the goblin. The rat barely misses you.
The goblin hits you with a +0 club.
You closely miss the goblin. The rat bites you but does no damage.
The goblin closely misses you. x3
The rat twitches its whiskers.
The rat bites you.
You barely miss the goblin. The rat barely misses you.
The goblin hits you with a +0 club. x2
* * * LOW HITPOINT WARNING * * *
It was a potion of attraction.
You feel attractive to monsters. The goblin misses you.
The goblin hits you but does no damage. The rat bites you.
* * * LOW HITPOINT WARNING * * *
It was a potion of resistance.
You feel protected. The goblin closely misses you.
The goblin hits you but does no damage. The rat bites you.
You die...

.. #...# #...# #...#
#.#####+###...#
#.......g.....#
#..@r.....#
#...g.....#
#.........#####
#......#'#....######
.........+.+....†.....
####.....#.#....######
#.......#.+....'..#
#.###+#.###....##.# #
#. #.# #....##.# #


You could see 2 goblins and a rat.

Vanquished Creatures
  A dart slug (D:1)
  3 endoplasms (D:1)
  3 goblins (D:1)
  4 jackals (D:1)
  A quokka (D:1)
  7 frilled lizards
  A kobold (D:1)
  2 rats (D:1)
22 creatures vanquished.

Notes
Turn   | Place    | Note
-------+----------+-------------------------------------------
     0 | D:1      | firemarshallily the Demonspawn Gladiator began the quest
                  | for the Orb.
     0 | D:1      | Reached XP level 1. HP: 16/16 MP: 1/1
   236 | D:1      | Gained mutation: You regenerate a little health from kills.
                  | [demonic ancestry]
   236 | D:1      | Reached XP level 2. HP: 22/22 MP: 2/2
   463 | D:1      | Reached skill level 3 in Maces & Flails
   661 | D:1      | Slain by a rat

Illustrated notes

Levels and vault maps discovered:
D:1:      mainiacjoe_arrival_oval_in_oval, layout_basic, serial_glass,
          glass_columns_b, glass_columns_a, minmay_lizard_king
D:2:      minmay_inner_zag, layout_rooms

Skill      XL: |  1  2 |
---------------+-------+-----
Maces & Flails | 3 |  3.1
Fighting       | |  2.6
Throwing       | |  1.7
Armour         | |  0.8
Dodging        | |  2.6

Action                     || total
---------------------------++-------
  Melee: Flail             ||    61
    Use: Potion            ||     2
   Stab: Sleeping          ||     1
 Armour: Leather armour    ||    65
  Dodge: Dodged            ||    56
